 Dungeon Crawl Stone Soup version 0.17.0-24-gcfadda4 (webtiles) character file.

147 Ordine the Changer (level 5, -1/44 HPs)
             Began as a Naga Transmuter on Nov 16, 2015.
             Slain by an orc
             ... wielding a +0 dire flail
              (14 damage)
             ... on level 3 of the Dungeon.
             The game lasted 00:08:04 (3392 turns).

Ordine the Changer (Naga Transmuter)                Turns: 3392, Time: 00:08:04

Health: -1/44      AC:  5    Str: 13    XL:     5   Next: 29%
Magic:  8/8        EV: 10    Int: 14    God:
Gold:   108        SH:  0    Dex: 11    Spells: 2 memorised, 4 levels left

rFire  . . .     SeeInvis +       - Unarmed
rCold  + . .     Clarity  .     f - +2 robe {rC+}
rNeg   . . .     SustAt   +     (no shield)
rPois  +         Gourm    .     (no helmet)
rElec  .         Spirit   .     e - +0 cloak
rCorr  .         Warding  .     (no gloves)
rMut   .         Stasis   .     (no barding)
MR     .....                    (no amulet)
Stlth  ++........               k - ring of stealth
                                g - ring of sustain attributes

@: confused, appendage, very slightly contaminated, very slow, not resistant to
hostile enchantments, unstealthy
A: horns 2, see invisible, deformed body, poison resistance, slowness 2, slow
metabolism 1, spit poison 2, AC +1
a: Spit Poison, End Transformation


You were on level 3 of the Dungeon.
You were not hungry.
You had grown temporary horns.
You visited 1 branch of the dungeon, and saw 3 of its levels.

You collected 108 gold pieces.

Inventory:

Armour
 b - a +2 buckler
 e - a +0 cloak (worn)
 f - a +2 robe of cold resistance (worn)
 l - a +2 buckler
Jewellery
 g - a ring of sustain attributes (left hand)
 k - a ring of stealth (right hand)
Potions
 j - a potion of curing {unknown}
Books
 c - a book of Changes

   Spells                             Type                      Level
   a - Beastly Appendage              Transmutation                1
   b - Sticks to Snakes               Transmutation                2
   c - Spider Form                    Transmutation/Poison         3
   d - Ice Form                       Ice/Transmutation            4
   e - Blade Hands                    Transmutation                5
Comestibles
 a - 9 chunks of flesh
 d - 4 bread rations
 h - 2 meat rations


   Skills:
 - Level 1.0 Fighting
 - Level 1.5 Dodging
 - Level 3.0 Unarmed Combat
 - Level 2.0 Spellcasting
 + Level 5.3 Transmutations


You had 4 spell levels left.
You knew the following spells:

 Your Spells              Type           Power        Failure   Level  Hunger
a - Beastly Appendage     Trmt           ###...       2%          1    ##.....
b - Spider Form           Trmt/Pois      #.........   24%         3    ####...


Dungeon Overview and Level Annotations

Branches:
Dungeon (3/15)

Altars:
Ashenzari


Innate Abilities, Weirdness & Mutations

You cannot wear boots.
Your serpentine skin is tough (AC +1).
You have supernaturally acute eyesight.
Armour fits poorly on your strangely shaped body.
Your system is resistant to poisons.
You cover ground very slowly.
You have a slow metabolism.
You can spit poison.
You have a pair of horns on your head.


Message History

The orc is heavily wounded.
You hit the orc but do no damage.
The orc is heavily wounded.
The orc barely misses you.
You hit the orc but do no damage.
The orc is heavily wounded.
The orc hits you with a dire flail.
You hit the orc but do no damage. Your headbutt misses the orc.
The orc is moderately wounded.
The orc hits you with a dire flail!!
* * * LOW HITPOINT WARNING * * *
Drink which item? (? for menu, Esc to quit)
It was a potion of ambrosia.
You are confused.
You feel invigorated. The orc hits you with a dire flail.
* * * LOW HITPOINT WARNING * * *
You hit the orc but do no damage.
The orc is moderately wounded.
The orc hits you with a dire flail!
You die...

*,* #.# #.# #.* #.# #.# #.*
#.# #.# #)* #.# #.# #.*
#.###.##
#.*#####.##...########
#.##...#.........(...#
*######.#.###.###...######.#
*.........o@(.(....## #.#
*.#####.#.#..(###### #.# *,*
#.........# #.# *,*
#####..##.# #.# *,* #..##.#
#.# *,* #..##.# #.#
*,#########..##.# ######.#
*,...........##.#####.......
***######.#####.......####..


You could see an orc.

Vanquished Creatures
  An orc priest (D:3)
  5 adders
  An ooze (D:3)
  A worm (D:3)
  A giant gecko (D:2)
  6 orcs (D:3)
  3 ball pythons
  8 hobgoblins
  4 jackals
  A quokka (D:2)
  6 bats
  2 giant cockroaches (D:1)
  3 giant newts
  6 goblins
  5 kobolds
  10 rats
63 creatures vanquished.

Vanquished Creatures (others)
  A fungus (D:3)
1 creature vanquished.

Grand Total: 64 creatures vanquished

Notes
Turn   | Place    | Note
--------------------------------------------------------------
     0 | D:1      | Ordine the Naga Transmuter began the quest for the Orb.
     0 | D:1      | Reached XP level 1. HP: 18/18 MP: 3/3
   350 | D:1      | You fall through a shaft!
   698 | D:1      | Reached XP level 2. HP: 20/25 MP: 3/5
  1922 | D:2      | Reached XP level 3. HP: 31/31 MP: 6/6
  1927 | D:2      | Learned a level 3 spell: Spider Form
  2353 | D:2      | Reached skill level 4 in Transmutations
  2579 | D:3      | Reached XP level 4. HP: 36/38 MP: 7/7
  3055 | D:3      | Found a shattered altar of Ashenzari.
  3304 | D:3      | Reached skill level 5 in Transmutations
  3304 | D:3      | Reached XP level 5. HP: 41/44 MP: 6/8
  3392 | D:3      | Slain by an orc

Action                   |  1- 3 |  4- 6 || total
-------------------------+-------+-------++-------
Melee: Unarmed           |   164 |    89 ||   253
 Cast: Beastly Appendage |     7 |     8 ||    15
  Use: Potion            |     1 |     3 ||     4
       Scroll            |     2 |     4 ||     6
 Stab: Sleeping          |     5 |     2 ||     7
       Distracted        |     1 |       ||     1
  Eat: Chunk             |     4 |     2 ||     6
